 Dungeon Crawl Stone Soup version 0.31-a0-700-gf13585253f (webtiles) character file.

Game seed: 4579241574507367079

1676 qw the Skirmisher (level 9, 0/56 HPs)
             Began as a Gargoyle Hunter on Sept 7, 2023.
             Slain by Jeremiah
             ... wielding a +4 trident of draining
              (3 damage)
             ... on level 7 of the Dungeon.
             The game lasted 00:03:12 (6959 turns).

qw the Skirmisher (Gargoyle Hunter)                 Turns: 6959, Time: 00:03:13

Health: 0/56       AC: 17    Str: 14    XL:     9   Next: 1%
Magic:  9/9        EV: 11    Int: 14    God:
Gold:   324        SH:  0    Dex: 16    Spells: 8/8 levels left

rFire   . . .        a - +0 orcbow
rCold   . . .        (shield currently unavailable)
rNeg    + + .        f - +0 ring mail
rPois   inf          k - +2 hat
rElec   +            c - +0 cloak
rCorr   .            (no gloves)
SInv    .            (no boots)
Will    .....        (no amulet)
Stlth   +            o - ring of positive energy
HPRegen 0.29/turn    (no ring)
MPRegen 0.11/turn

%: no passive effects
@: no status effects
A: sickness immunity, AC +6, negative energy resistance 1, electricity
resistance, torment resistance 1, petrification resistance, talons 1, iridescent
scales 1, clever 1
a: no special abilities


You were on level 7 of the Dungeon.
You visited 2 branches of the dungeon, and saw 8 of its levels.

You collected 369 gold pieces.
You spent 45 gold pieces at shops.


Innate Abilities, Weirdness & Mutations

You are immune to sickness and miasma.
Your stone body is resilient. (AC +6)
You are immune to poison.
You resist negative energy. (rN+)
You are resistant to electric shocks. (rElec)
You are resistant to unholy torment.
You are immune to petrification.
You have sharp toenails.
You are partially covered in iridescent scales. (AC +2)
Your mind is acute. (Int +4, Str/Dex -1)


   Skills:
 + Level 6.4 Fighting
 - Level 10.0 Ranged Weapons
 - Level 2.3 Armour
 - Level 2.3 Dodging
 - Level 1.1 Stealth


You had 8 spell levels left.
You didn't know any spells.
Your spell library was empty.

Inventory:

Hand Weapons
 a - a +0 orcbow (weapon)
Armour
 c - a +0 cloak (worn)
 f - a +0 ring mail (worn)
 k - a +2 hat (worn)
Jewellery
 m - a ring of ice
 o - a ring of positive energy (left hand)
Scrolls
 g - a scroll of identify
Potions
 d - a potion of enlightenment
 e - a potion of might
 i - a potion of mutation
 l - 2 potions of curing
 n - a potion of magic {unknown}

Dungeon Overview and Level Annotations

Branches:
Dungeon (7/15)             Temple (1/1) D:7

Altars:
Ashenzari
Dithmenos
Elyvilon
Fedhas
Gozag
Hepliaklqana
Kikubaaqudgha
Nemelex Xobeh
Qazlal
Sif Muna
Trog
Uskayaw
Vehumet
Wu Jian
Xom
Zin
The Shining One

Shops:
D:6 (

Annotations:
D:7 1 runed translucent door, Crazy Yiuf, Jeremiah


Message History

You feel much better. Jeremiah barely misses you.
The butterfly disappears in a burst of colours!
Jeremiah hits you but does no damage.
Your surroundings suddenly seem different.
You start resting.
HP restored.
As you open the door, it creaks loudly!
There is an open door here.
Found a stone staircase leading down.
There is a stone staircase leading down here.
Jeremiah shouts!
Jeremiah hops!
Jeremiah hops!
You shoot an arrow. The arrow hits Jeremiah.
Jeremiah is lightly wounded.
Jeremiah hops!
You shoot an arrow. The arrow hits Jeremiah.
Jeremiah is lightly wounded.
The butterfly disappears in a burst of colours!
Jeremiah throws their arms up pleadingly.
Something smites you!
The butterfly disappears in a burst of colours!
Jeremiah asks, "Am I dreaming?
Is this real?"
Enter note:
Enter note: Jeremiah hits you from afar with a +4 trident of draining!
Jeremiah barely misses you. Jeremiah barely misses you.
Jeremiah barely misses you.
Jeremiah hits you from afar with a +4 trident of draining.
Jeremiah hits you from afar with a +4 trident of draining.
Jeremiah hits you from afar with a +4 trident of draining!
Jeremiah shouts, "O dreadful one, destroy my foe!"
Something smites you!
The butterfly disappears in a burst of colours! x2
Jeremiah hits you but does no damage.
Jeremiah hits you from afar with a +4 trident of draining.
You die...
Jeremiah says, "O terrible one, your will is done."

# ... ####..
b.b.b##########
..........(b.bFb@.....>#
.# ......bb.b.########.#
.# #.....bbb #.# .#
#......# #.# .# #......#
#.# '###[.....# #.#
..........# #.#
........### #.#
..........# #.#


You could see Jeremiah.

Vanquished Creatures
  A black bear (D:4)
  An ice beast (D:7)
  An ogre (D:6)
  2 kobold brigands (D:6)
  3 phantoms
  A bullfrog (D:7)
  5 wights (D:6)
  2 orc priests
  2 jellies
  A gnoll bouda (D:5)
  3 iguanas
  A sleepcap (D:6)
  4 orc wizards
  3 gnolls (D:5)
  13 adders
  A white imp (D:6)
  2 ufetubi
  A worm (D:2)
  2 dart slugs (D:3)
  22 orcs
  8 endoplasms
  8 giant cockroaches
  10 goblins
  5 hobgoblins
  6 jackals
  6 quokkas
  6 ball pythons
  5 bats
  4 frilled lizards
  26 kobolds
  7 rats
162 creatures vanquished.

Vanquished Creatures (others)
  A human (D:3)
  4 orc wizards
5 creatures vanquished.

Grand Total: 167 creatures vanquished

Notes
Turn   | Place    | Note
-------+----------+-------------------------------------------
     0 | D:1      | qw the Gargoyle Hunter began the quest for the Orb.
     0 | D:1      | Reached XP level 1. HP: 12/12 MP: 1/1
     0 | D:1      | 0 ||| qw: Version: 0.3-a-76-g4403597
     0 | D:1      | 0 ||| qw: Game counter: 453
     0 | D:1      | 0 ||| qw: Melee chars always use a shield: true
     0 | D:1      | 0 ||| qw: God list: Okawaru
     0 | D:1      | 0 ||| qw: Allow faded altars: false
     0 | D:1      | 0 ||| qw: Do Orc after clearing Dungeon:15 true
     0 | D:1      | 0 ||| qw: Do second Lair branch before Depths: true
     0 | D:1      | 0 ||| qw: Lair rune preference: random
     0 | D:1      | 0 ||| qw: Goals: Normal
     0 | D:1      | 0 ||| PLANNING D:1-11
    93 | D:1      | Found a faded altar of an unknown god.
   261 | D:1      | Reached XP level 2. HP: 17/17 MP: 2/2
   544 | D:1      | Reached XP level 3. HP: 21/21 MP: 3/3
   622 | D:1      | Reached skill level 5 in Ranged Weapons
   961 | D:1      | 961 ||| UPGRADING to +0 ring mail.
   971 | D:1      | 971 ||| DROPPING +0 leather armour.
   972 | D:1      | 972 ||| READING scroll labelled ZITSAO EHULUM.
   973 | D:1      | 973 ||| READING 2 scrolls labelled RIC SENKULEAMONN.
   974 | D:1      | 974 ||| READING scroll labelled ANU VOODEUMNI.
   975 | D:1      | 975 ||| READING scroll labelled UVVOME JOTOCLO.
   978 | D:1      | 978 ||| DRINKING 2 fizzy cyan potions.
   979 | D:1      | 979 ||| DROPPING scroll of butterflies.
  1105 | D:2      | Reached skill level 1 in Armour
  1404 | D:2      | Reached XP level 4. HP: 27/27 MP: 4/4
  1411 | D:2      | Reached skill level 3 in Fighting
  1720 | D:2      | 1720 ||| READING scroll labelled DESAYH ESOHA.
  1721 | D:2      | 1721 ||| READING scroll labelled RIF BAEMOETUME.
  1722 | D:2      | 1722 ||| READING scroll labelled IKKOOVV BUETAMN.
  1723 | D:2      | 1723 ||| DRINKING 2 sedimented brown potions.
  1828 | D:2      | 1828 ||| READING 4 scrolls of identify.
  1828 | D:2      | 1828 ||| IDENTIFYING emerald potion
  1829 | D:2      | 1829 ||| READING 3 scrolls of identify.
  1829 | D:2      | 1829 ||| IDENTIFYING murky emerald potion
  1830 | D:2      | 1830 ||| DROPPING potion of berserk rage.
  1831 | D:2      | 1831 ||| DROPPING potion of attraction.
  1951 | D:3      | Found a glowing silver altar of Zin.
  2193 | D:3      | HP: 6/28 [orc/+0 dagger (4)]
  2195 | D:3      | HP: 1/28 [orc/+1 flail of venom (2)]
  2352 | D:3      | Reached XP level 5. HP: 32/32 MP: 5/5
  2399 | D:3      | Found a radiant altar of Vehumet.
  2427 | D:3      | Found an ancient bone altar of Kikubaaqudgha.
  2428 | D:3      | Noticed a human
  2430 | D:3      | Killed a human
  2468 | D:3      | Reached skill level 6 in Ranged Weapons
  2728 | D:3      | 2728 ||| UPGRADING to +0 cloak.
  2733 | D:3      | 2733 ||| DROPPING ring of wizardry.
  2766 | D:4      | Found a white marble altar of Elyvilon.
  2775 | D:4      | Noticed a black bear
  2786 | D:4      | Killed a black bear
  2787 | D:4      | Reached XP level 6. HP: 26/39 MP: 6/6
  3076 | D:4      | 3076 ||| Stepping ~*~*~tactically~*~*~ (retreating).
  3077 | D:4      | 3077 ||| Stepping ~*~*~tactically~*~*~ (retreating).
  3078 | D:4      | 3078 ||| Stepping ~*~*~tactically~*~*~ (retreating).
  3079 | D:4      | 3079 ||| Stepping ~*~*~tactically~*~*~ (retreating).
  3080 | D:4      | 3080 ||| Stepping ~*~*~tactically~*~*~ (retreating).
  3120 | D:4      | 3120 ||| FLEEEEING.
  3445 | D:4      | Found an opulent altar of Gozag.
  3457 | D:4      | Reached skill level 7 in Ranged Weapons
  3472 | D:4      | Found an ornate altar of the Wu Jian Council.
  3723 | D:4      | 3723 ||| DRINKING 2 metallic sapphire potions.
  3723 | D:4      | Gained mutation: You sometimes lose your temper in combat.
                  | [potion of mutation]
  3723 | D:4      | Gained mutation: You are clumsy. (Dex -2) [potion of
                  | mutation]
  3724 | D:4      | 3724 ||| DRINKING potion of mutation.
  3724 | D:4      | Lost mutation: You sometimes lose your temper in combat.
                  | [potion of mutation]
  3724 | D:4      | Lost mutation: You are clumsy. (Dex -2) [potion of
                  | mutation]
  3724 | D:4      | Gained mutation: You are partially covered in iridescent
                  | scales. (AC +2) [potion of mutation]
  3724 | D:4      | Gained mutation: You have sharp toenails. [potion of
                  | mutation]
  3724 | D:4      | Gained mutation: Your mind is acute. (Int +4, Str/Dex -1)
                  | [potion of mutation]
  3725 | D:4      | 3725 ||| READING 2 scrolls of identify.
  3725 | D:4      | 3725 ||| IDENTIFYING green potion
  3793 | D:5      | Entered Level 5 of the Dungeon
  3811 | D:5      | Reached XP level 7. HP: 29/44 MP: 7/7
  3811 | D:5      | 3811 ||| STAIRDANCE
  4272 | D:5      | 4272 ||| Stepping ~*~*~tactically~*~*~ (outnumbered).
  4291 | D:5      | 4291 ||| FLEEEEING.
  4645 | D:5      | Identified the +8 falchion of Byvvaomn {drain, rC++ Str-5}
  4947 | D:5      | 4947 ||| RETREATING.
  4950 | D:5      | 4950 ||| Stepping ~*~*~tactically~*~*~ (retreating).
  4951 | D:5      | 4951 ||| Stepping ~*~*~tactically~*~*~ (retreating).
  4954 | D:5      | 4954 ||| Stepping ~*~*~tactically~*~*~ (retreating).
  4957 | D:5      | 4957 ||| Stepping ~*~*~tactically~*~*~ (retreating).
  4959 | D:5      | Reached skill level 8 in Ranged Weapons
  5021 | D:5      | 5021 ||| DRINKING potion of curing.
  5021 | D:5      | 5021 ||| (to cure confusion)
  5139 | D:5      | 5139 ||| UPGRADING to +2 hat.
  5144 | D:5      | 5144 ||| READING 2 scrolls of identify.
  5144 | D:5      | 5144 ||| IDENTIFYING ruby potion
  5168 | D:6      | Found Zaotiana's Weapon Emporium.
  5183 | D:6      | 5183 ||| BUYING +0 orcbow (45 gold).
  5183 | D:6      | Bought a +0 orcbow for 45 gold pieces
  5183 | D:6      | 5183 ||| SWAPPING to +0 orcbow.
  5184 | D:6      | 5184 ||| DROPPING +0 shortbow.
  5200 | D:6      | Reached XP level 8. HP: 49/49 MP: 8/8
  5351 | D:6      | 5351 ||| STAIRDANCE
  5391 | D:6      | 5391 ||| Stepping ~*~*~tactically~*~*~ (outnumbered).
  5397 | D:6      | 5397 ||| Stepping ~*~*~tactically~*~*~ (outnumbered).
  5412 | D:6      | Reached skill level 9 in Ranged Weapons
  5473 | D:6      | 5473 ||| STAIRDANCE
  5477 | D:5      | Found a broken altar of Ashenzari.
  5653 | D:6      | 5653 ||| RETREATING.
  5674 | D:6      | 5674 ||| RETREATING.
  5678 | D:6      | 5678 ||| Stepping ~*~*~tactically~*~*~ (retreating).
  5679 | D:6      | 5679 ||| Stepping ~*~*~tactically~*~*~ (retreating).
  5680 | D:6      | 5680 ||| Stepping ~*~*~tactically~*~*~ (retreating).
  5681 | D:6      | 5681 ||| Stepping ~*~*~tactically~*~*~ (retreating).
  5682 | D:6      | 5682 ||| Stepping ~*~*~tactically~*~*~ (retreating).
  5683 | D:6      | 5683 ||| Stepping ~*~*~tactically~*~*~ (retreating).
  5691 | D:6      | Reached skill level 6 in Fighting
  6449 | D:6      | 6449 ||| DROPPING +2 hat.
  6450 | D:6      | 6450 ||| UPGRADING to ring of positive energy.
  6511 | D:7      | Found a runed translucent door.
  6512 | D:7      | Noticed Crazy Yiuf
  6566 | D:7      | Found a staircase to the Ecumenical Temple.
  6567 | D:7      | 6567 ||| PLANNING TEMPLE
  6567 | D:7      | 6567 ||| READING 2 scrolls of identify.
  6567 | D:7      | 6567 ||| IDENTIFYING fizzy golden potion
  6568 | D:7      | 6568 ||| DROPPING potion of invisibility.
  6574 | Temple   | Entered the Ecumenical Temple
  6575 | Temple   | 6575 ||| PLANNING D:1-11
  6681 | D:7      | Reached skill level 10 in Ranged Weapons
  6685 | D:7      | Reached XP level 9. HP: 33/56 MP: 9/9
  6764 | D:7      | Found a shadowy altar of Dithmenos.
  6769 | D:7      | Noticed Jeremiah
  6780 | D:7      | 6780 ||| FLEEEEING.
  6781 | D:7      | 6781 ||| FLEEEEING.
  6782 | D:7      | 6782 ||| FLEEEEING.
  6815 | D:7      | HP: 11/56 [Jeremiah/divine providence (9)]
  6816 | D:7      | 6816 ||| READING scroll of teleportation.
  6817 | D:7      | 6817 ||| DRINKING potion of heal wounds.
  6957 | D:7      | HP: 3/56 [Jeremiah/divine providence (13)]
  6959 | D:7      | Slain by Jeremiah

Levels and vault maps discovered:
D:1:      dpeg_arrival_radiant, layout_loops_corners,
          shapermc_ecumenical_altar_ellora, minmay_misc_feat_x,
          minmay_tetromino_t4
D:2:      kennysheep_six_static_rooms, layout_basic
D:3:      minmay_recursive_quarters, layout_basic, tgw_kikubaaqudgha,
          nicolae_vehumet_radiance, mainiacjoe_overflow_catwalk,
          minmay_misc_feat_cross
D:4:      wad_crossroads, layout_basic, amcnicky_altar_gilded,
          mainiacjoe_overflow_big_doors
D:5:      layout_basic, nicolae_overflow_hidden_temple,
          minmay_a_box_with_orc_wizards_in_it
D:6:      layout_layer_cave, serial_shops, shop
D:7:      layout_basic, mainiacjoe_overflow_24_doors,
          nicolae_dithmenos_shadow_blocks, temple_green,
          uniq_crazy_yiuf_cottage, uniq_menkaure, uniq_jeremiah
Temple:   nicolae_temple_bog_church

Skill      XL: |  1  2  3  4  5  6  7  8 |
---------------+-------------------------+-----
Ranged Weapons | 5 6 7 8 10 | 10.0
Armour         | 1 2 |  2.3
Fighting       | 3 4 5 6 |  6.4
Dodging        | 2 |  2.3
Stealth        | |  1.1

Action                     |  1- 3 |  4- 6 |  7- 9 || total
---------------------------+-------+-------+-------++-------
   Fire: Shortbow          |   156 |   267 |   153 ||   576
         Orcbow            |       |       |   218 ||   218
    Use: Scroll            |     4 |     6 |     3 ||    13
         Potion            |     1 |     3 |     2 ||     6
 Armour: Leather armour    |    13 |       |       ||    13
         Ring mail         |    27 |   158 |   246 ||   431
  Dodge: Dodged            |    46 |    97 |   138 ||   281

Table legend:
 A = Non-vault XP
 B = Vault XP
 C = Vault XP percentage of total XP
 D = Non-vault monster count
 E = Vault monster count
 F = Vault count percentage of total count
                 A         B        C        D         E       F
            +---------+---------+-------+---------+---------+-------
      Total |    2163 |     232 |   9.7 |     140 |      26 |  15.7
            +---------+---------+-------+---------+---------+-------
        D:1 |      37 |       6 |  14.0 |      22 |       3 |  12.0
        D:2 |      51 |      21 |  29.2 |      21 |       6 |  22.2
        D:3 |      72 |      36 |  33.3 |      23 |       7 |  23.3
        D:4 |     362 |       8 |   2.2 |      18 |       4 |  18.2
        D:5 |     296 |     161 |  35.2 |      14 |       6 |  30.0
        D:6 |    1065 |       0 |   0.0 |      35 |       0 |   0.0
        D:7 |     280 |       0 |   0.0 |       7 |       0 |   0.0
            +---------+---------+-------+---------+---------+-------
